 Dungeon Crawl Stone Soup version 0.13.0-9-gbc74161 (webtiles) character file.

45 Bloax the Skirmisher (level 2, 0/19 HPs)
             Began as a Gargoyle Berserker on Oct 18, 2013.
             Was a Follower of Trog.
             Slain by a kobold
             ... wielding a +0,+0 whip
              (2 damage)
             ... on Level 1 of the Dungeon.
             The game lasted 00:00:48 (55 turns).

Bloax the Skirmisher (Gargoyle Berserker)             Turns: 55, Time: 00:00:48

HP   0/19        AC  4     Str 20      XL: 2   Next: 16%
MP   1/1         EV 12     Int  7      God: Trog [*.....]
Gold 36          SH  0     Dex  9      Spells:  0 memorised,  1 level left

Res.Fire  : . . .   See Invis. : .   a - +0 falchion
Res.Cold  : . . .   Warding    : .   b - +0 animal skin
Life Prot.: + . .   Conserve   : .   (no shield)
Res.Poison: +       Res.Corr.  : .   (no helmet)
Res.Elec. : +       Clarity    : .   (no cloak)
Sust.Abil.: . .     Spirit.Shd : .   (no gloves)
Res.Mut.  : .       Stasis     : .   (no boots)
Res.Rott. : +       Flight     : .   (no amulet)
Saprovore : . . .                    (no ring)
                                     (no ring)

@: exhausted, slowed, very slow, not resistant to hostile enchantments, very
unstealthy
A: fangs 1, talons 2, life protection 1, electricity resistance, slow metabolism
1, unbreathing, petrification resistance, AC +2
a: Burn Spellbooks, Berserk, Renounce Religion


You were on level 1 of the Dungeon.
You worshipped Trog.
Trog was aware of your devotion.
You were not hungry.

You visited 1 branch of the dungeon, and saw 1 of its levels.

You collected 16 gold pieces.


Innate Abilities, Weirdness & Mutations

You are resistant to torment.
You are immune to poison.
Your stone body is very resilient (AC +2).
You have very sharp teeth.
You have razor-sharp toenails.
You resist negative energy.
You are resistant to electric shocks.
You have a slow metabolism.
You can survive without breathing.
You are immune to petrification.


   Skills:
 + Level 3.3 Fighting
 * Level 3.1 Long Blades
 - Level 2.1 Armour
 + Level 1.7 Dodging


You had one spell level left.
You didn't know any spells.

Dungeon Overview and Level Annotations

Branches:
Dungeon (1/27)

Altars:

Inventory:

Hand weapons
 a - a +0,+0 falchion (weapon)
Armour
 b - a +0 animal skin (worn)
Comestibles
 c - a bread ration

####### ....... ######
....... #....#
.......g##....###########
..(....K@(....'..........
.......)##....#####.#....
....... #....# #...#).
!...... #....# ##..##.
....... #....# ....###
...... #....# ..###. #
..... #....# ##. #.# ....
#....# #...#### . ######
#.......


You could see a goblin and a kobold.


Message History

The jackal bites you but does no damage.
The jackal barely misses you.
Unknown command.
Use which ability? (? or * to list)
A red film seems to cover your vision as you go berserk!
You feel yourself moving faster!
You feel mighty!
You feel somewhat more hungry.
The jackal bites you but does no damage.
You slash the jackal!
You kill the jackal!
Trog accepts your kill.
Your Long Blades skill increases to level 3!
You have reached level 2!
There is an open door, spattered with blood here.
Things that are here:
a jackal corpse; a hobgoblin corpse; a jackal corpse The jackal corpse is consumed in a column of flame.
The hobgoblin corpse is consumed in a column of flame.
The jackal corpse is consumed in a column of flame.
You feel a strong urge to attack something.
Unknown command.
You feel your anger subside.
You are no longer berserk.
You are exhausted.
You feel yourself slow down.
You now have 31 gold pieces (gained 11).
You now have 36 gold pieces (gained 5).
You open the large door.
A giant newt and a rat come into view.
The rat moves out of view.
Found 20 arrows.
A kobold comes into view. It is wielding a whip.
The kobold shouts!
The kobold throws a dart.
The dart misses you.
There is a large open door here.
You see here a dart.
Unknown command.
You hit the rat but do no damage. The rat bites you but does no damage.
The rat bites you but does no damage.
You barely miss the rat. You claw the rat.
You kill the rat!
Trog accepts your kill.
The giant newt barely misses you. 2 goblins come into view.
You hit the giant newt.
The giant newt is severely wounded.
The giant newt bites you but does no damage.
You hit the giant newt.
You kill the giant newt!
Trog accepts your kill.
The kobold throws a dart.
The dart hits you!
* * * LOW HITPOINT WARNING * * *
The kobold hits you but does no damage. The kobold barely misses you.
Found a purple potion.
There is a large open door here.
You see here a rat corpse.
Unknown command.
You slash the goblin!
You kill the goblin!
Trog accepts your kill. The kobold hits you with a whip.
* * * LOW HITPOINT WARNING * * *
You miss the goblin. The kobold misses you.
The goblin hits you with an elven dagger.
* * * LOW HITPOINT WARNING * * *
The kobold hits you but does no damage. The goblin barely misses you.
You closely miss the goblin. The kobold hits you with a whip.
* * * LOW HITPOINT WARNING * * *
The goblin hits you but does no damage. The kobold hits you with a whip.
You die...

Action                   || total
-------------------------++-------
Melee: Falchion          ||    24
Invok: Berserk           ||     1

Vault maps used:
D:1:      roderic_crossed_star

Notes
Turn   | Place    | Note
--------------------------------------------------------------
     0 | D:1      | Bloax, the Gargoyle Berserker, began the quest for the Orb.
     0 | D:1      | Reached XP level 1. HP: 14/14 MP: 0/0
     0 | D:1      | 4tharraofdagon: zapping crapping shit
     0 | D:1      | Bloax: fucking enemy magic darts
     0 | D:1      | Bloax: your magic dart?
     0 | D:1      | Bloax: 1d8 at most
     0 | D:1      | Bloax: theirs?
     0 | D:1      | Bloax: 3d4
     0 | D:1      | 4tharraofdagon: yep
    36 | D:1      | Reached skill level 3 in Long Blades
    36 | D:1      | Reached XP level 2. HP: 8/19 MP: 1/1
    55 | D:1      | HP: 2/19 [kobold/whip (4)]
    55 | D:1      | Slain by a kobold

Vanquished Creatures
  A goblin (D:1)
  2 hobgoblins (D:1)
  3 jackals (D:1)
  A giant newt (D:1)
  A rat (D:1)
8 creatures vanquished.
